 Dungeon Crawl Stone Soup version 0.29-a0-834-g1e95ca9f62 (webtiles) character file.

Game seed: 7897647220021401626

124 buhh the Insei (level 5, 0/35 HPs)
             Began as an Octopode Transmuter on July 12, 2022.
             Blown up by a hobgoblin (21 damage)
             ... with a mindburst bolt
             ... on level 3 of the Dungeon.
             The game lasted 00:02:22 (3209 turns).

buhh the Insei (Octopode Transmuter)                Turns: 3209, Time: 00:02:23

Health: 0/35       AC:  5    Str: 10    XL:     5   Next: 8%
Magic:  6/8        EV: 13    Int: 17    God:
Gold:   157        SH:  0    Dex: 12    Spells: 7/8 levels left

rFire   . . .      SeeInvis .     - Unarmed
rCold   . . .      Faith    .   (no shield)
rNeg    . . .      Spirit   .   (helmet currently unavailable)
rPois   .          Reflect  .   (no amulet)
rElec   .          Harm     .   d - +4 ring of protection
rCorr   .          Rampage  .   (no ring)
Will    .....                   (no ring)
Stlth   +++.......              (no ring)
HPRegen 0.11/turn               (no ring)
MPRegen 0.11/turn               (no ring)
                                (no ring)
                                (no ring)

@: appendages
A: tentacle spike 3, almost no armour, amphibious, 8 rings, camouflage 1,
gelatinous body 1, (nimble swimmer 1), tentacles
a: End Transformation


You were on level 3 of the Dungeon.
One of your tentacles had grown a beastly spike.
You visited 1 branch of the dungeon, and saw 3 of its levels.

You collected 157 gold pieces.

Inventory:

Missiles
 p - 8 poisoned darts
Jewellery
 d - a +4 ring of protection (left tentacle)
Wands
 E - a wand of flame (10)
Scrolls
 a - a scroll of brand weapon {unknown}
 c - 3 scrolls of identify {unknown}
 f - 2 scrolls of poison {unknown}
 g - a scroll of immolation {unknown}
 i - a scroll of vulnerability {unknown}
 j - a scroll of blinking {unknown}
 k - a scroll of fog {unknown}
 l - 2 scrolls of noise {unknown}
 n - a scroll of teleportation {unknown}
Potions
 b - a potion of haste {unknown}
 e - a potion of degeneration {unknown}
 h - a potion of heal wounds {unknown}
 m - 2 potions of resistance {unknown}
 o - a potion of invisibility {unknown}
 v - a potion of curing {!d}


   Skills:
 + Level 2.5 Fighting
 + Level 3.1 Dodging
 - Level 2.0 Stealth
 + Level 3.8 Unarmed Combat
 - Level 2.0 Spellcasting
 - Level 2.0 Transmutations
 - Level 1.0 Poison Magic


You had 7 spell levels left.
You knew the following spells:

 Your Spells              Type           Power      Damage    Failure   Level
a - Beastly Appendage     Tmut           16%        N/A       9%          1

Your spell library contained the following spells:

 Spells                   Type           Power      Damage    Failure   Level
 Wereblood                Tmut           8%         N/A       13%         2
 Sublimation of Blood     Necr           1%         N/A       28%         2
 Spider Form              Tmut/Pois      6%         N/A       30%         3
 Ignite Poison            Fire/Tmut/Pois 5%         N/A       36%         3
 Mephitic Cloud           Conj/Pois/Air  2%         N/A       45%         3
 Gell's Gravitas          Tloc           1%         N/A       50%         3
 Lesser Beckoning         Tloc           1%         N/A       50%         3
 Teleport Other           Tloc           1%         N/A       50%         3
 Ice Form                 Ice/Tmut       5%         N/A       77%         4
 Petrify                  Tmut/Erth      5%         N/A       77%         4
 Irradiate                Conj/Tmut      2%         3d12      98%         5
 Freezing Cloud           Conj/Ice/Air   0%         6-21      99%         5


Dungeon Overview and Level Annotations

Branches:
Dungeon (3/15) Zot: 14798

Altars:

Shops:
D:1 (

Annotations:
D:3 exclusion: scorpion


Innate Abilities, Weirdness & Mutations

One of your tentacles has grown a beastly spike.
You cannot wear most types of armour.
You are amphibious.
You can wear up to eight rings at the same time.
Your skin changes colour to match your surroundings (Stealth+).
Your rubbery body absorbs attacks. (AC +1, EV +1)
((You are camouflaged when in or above water. (Stealth+)))
You have tentacles for arms and can constrict up to eight enemies at once.


Message History

Your transformation is almost over.
Your tentacle spike disappears.
You now have 157 gold pieces (gained 9).
Key pressed, stopping explore.
As you open the door, it creaks loudly!
There is an open door here.
There is a stone staircase leading up here.
Key pressed, stopping explore.
As you open the door, it creaks loudly!
You open the door.
You see here a +0 scale mail.
You see here a +0 scale mail.
Key pressed, stopping explore.
There is an open door here.
There is an open door here.
A hobgoblin comes into view.
It is carrying a wand of mindburst (12).
A hobgoblin is nearby!
A hobgoblin is nearby!
A hobgoblin is nearby!
You miscast Beastly Appendage.
You are very lightly contaminated with residual magic.
Nothing appears to happen.
The hobgoblin shouts!
The hobgoblin zaps a wand.
Your mind is blasted!
Ouch! That really hurt!
You feel better.
Casting: Beastly Appendage (safe; 9% risk of failure)
Press: ? - help, Q - select action, (/) - cycle Dir - look around, f - activate One of your tentacles grows a vicious spike.
The hobgoblin zaps a wand.
Your mind is blasted!
The hobgoblin barely misses you.
You closely miss the hobgoblin. You grab the hobgoblin.
You constrict the hobgoblin. The hobgoblin closely misses you.
Your magical contamination has completely faded away.
You tentacle-slap the hobgoblin.
The hobgoblin is almost dead.
You constrict the hobgoblin, but do no damage.
The hobgoblin zaps a wand.
Your mind is blasted!
Ouch! That really hurt!
You die...

##..#.###.......###........#
###.#.###.......###........#
...........................#
..........#####............#
..........# #.........####
.....>....# #.........#
..........# #.........#
..........## #.........#
...........# #.@.......#
...........# #.g.......#
...........####.........#
........................#
....^.....#####..)......#
..........# ............#
..........#####.........#
########### ###########


You could see a hobgoblin.

Vanquished Creatures
  Jessica (D:2)
  Terence (D:2)
  Robin (D:2)
  A worm (D:2)
  A dart slug (D:1)
  5 endoplasms
  4 giant cockroaches
  4 goblins
  9 hobgoblins
  2 jackals (D:1)
  A quokka (D:1)
  6 ball pythons (D:1)
  6 bats
  4 frilled lizards
  6 kobolds
  3 rats
55 creatures vanquished.

Notes
Turn   | Place    | Note
-------+----------+-------------------------------------------
     0 | D:1      | buhh the Octopode Transmuter began the quest for the Orb.
     0 | D:1      | Reached XP level 1. HP: 13/13 MP: 3/3
   128 | D:1      | Reached skill level 1 in Stealth
   216 | D:1      | Reached XP level 2. HP: 18/18 MP: 3/5
   279 | D:1      | Reached skill level 1 in Poison Magic
   835 | D:1      | Found Soimp's Antique Weapon Shop.
   864 | D:1      | Reached XP level 3. HP: 17/23 MP: 4/6
  1392 | D:2      | Noticed Terence
  1403 | D:2      | Killed Terence
  1415 | D:2      | Reached XP level 4. HP: 17/29 MP: 7/7
  1645 | D:2      | Noticed Jessica
  1653 | D:2      | Killed Jessica
  1828 | D:2      | Noticed Robin
  1860 | D:2      | Killed Robin
  2729 | D:3      | Noticed a scorpion
  2740 | D:3      | Reached XP level 5. HP: 35/35 MP: 6/8
  3209 | D:3      | Blown up by a hobgoblin

Illustrated notes

Levels and vault maps discovered:
D:1:      minmay_arrival_shoal_huts, layout_loops_ring, serial_shops,
          nicolae_square_shop, minivault_23, minmay_unequal
D:2:      layout_loops_ring, uniq_terence, uniq_robin, uniq_jessica
D:3:      minmay_door_path, layout_basic, minmay_crystal_water,
          minmay_misc_feat_rugged

Skill      XL: |  1  2  3  4 |
---------------+-------------+-----
Stealth        | 1 2 |  2.0
Poison Magic   | 1 |  1.0
Fighting       | 2 |  2.5
Dodging        | 3 |  3.1
Unarmed Combat | |  3.8
Spellcasting   | |  2.0
Transmutations | |  2.0

Action                   |  1- 3 |  4- 6 || total
-------------------------+-------+-------++-------
Melee: Unarmed           |    66 |    56 ||   122
       Tentacles         |    14 |     8 ||    22
       Constrict         |    13 |    14 ||    27
       Kick              |    11 |     8 ||    19
       Punch             |     3 |       ||     3
 Cast: Beastly Appendage |    24 |    20 ||    44
  Use: Potion            |     2 |     1 ||     3
 Stab: Sleeping          |     8 |     6 ||    14
Armor: Skin              |    10 |     7 ||    17
Dodge: Dodged            |    38 |    35 ||    73

Table legend: (Time is in decaauts)
 A = Elapsed time spent in this place.
 B = Non-inter-level travel time spent in this place.
 C = Inter-level travel time spent in this place.
 D = Time resting spent in this place.
 E = Time spent auto-exploring this place.
 F = Levels seen in this place.
 G = Mean time per level.
                   A        B        C        D        E       F      G
               +--------+--------+--------+--------+--------+-----+--------+
         Total |   3200 |   3175 |     25 |      0 |   2712 |   3 | 1066.7 |
       Dungeon |   3200 |   3175 |     25 |      0 |   2712 |   3 | 1066.7 |
               +--------+--------+--------+--------+--------+-----+--------+

Top non-repeatable levels by time:
     D:1: 1281 daAuts
     D:2: 1168 daAuts
     D:3: 750 daAuts
